 Dungeon Crawl Stone Soup version 0.30-a0-793-g160f7cfddd (webtiles) character file.

Game seed: 4803828160900845092

51 Aneyh the Cudgeller (level 3, -1/23 HPs)
             Began as a Tengu Monk on Feb 19, 2023.
             Slain by a gnoll
             ... wielding a +0 whip
              (4 damage)
             ... on level 2 of the Dungeon.
             The game lasted 00:02:02 (1089 turns).

Aneyh the Cudgeller (Tengu Monk)                    Turns: 1089, Time: 00:02:03

Health: -1/23      AC:  3    Str: 13    XL:     3   Next: 83%
Magic:  4/4        EV: 12    Int: 10    God:
Gold:   22         SH:  0    Dex: 16    Spells: 2/2 levels left

rFire   . . .      SeeInvis .    a - +0 mace
rCold   . . .      Faith    .    (no shield)
rNeg    . . .      Spirit   .    j - +0 leather armour
rPois   .          Reflect  .    (helmet restricted)
rElec   .          Harm     .    (no cloak)
rCorr   .          Rampage  .    (no gloves)
Will    .....                    (boots unavailable)
Stlth   +                        (no amulet)
HPRegen 0.23/turn                (no ring)
MPRegen 0.09/turn                (no ring)

@: confused, ambrosia-drunk
A: beak, talons 3
a: no special abilities


You were on level 2 of the Dungeon.
You visited 1 branch of the dungeon, and saw 2 of its levels.

You collected 22 gold pieces.

Inventory:

Hand Weapons
 a - a +0 mace (weapon)
Armour
 b - a +0 robe
 j - a +0 leather armour (worn)
Jewellery
 h - a ring of positive energy
Scrolls
 f - a scroll of vulnerability {unknown}
 g - a scroll of teleportation {unknown}
 i - a scroll of noise {unknown}
Potions
 d - a potion of curing {unknown}
 e - a potion of haste {unknown}
 k - a potion of lignification {unknown}


   Skills:
 - Level 3.0 Fighting
 + Level 5.1 Maces & Flails
 - Level 3.2 Dodging
 - Level 2.0 Stealth


You had 2 spell levels left.
You didn't know any spells.
Your spell library was empty.

Dungeon Overview and Level Annotations

Branches:
Dungeon (2/15)

Altars:
The Shining One


Innate Abilities, Weirdness & Mutations

You have a beak for a mouth.
You have claws for feet.


Message History

You continue putting on your +0 leather armour. x2
The gnoll closely misses you.
You continue putting on your +0 leather armour.
The gnoll shouts!
The gnoll hits you with a +0 club!
You continue putting on your +0 leather armour.
The gnoll barely misses you.
You finish putting on your +0 leather armour.
There are monsters nearby!
The gnoll attacks as you move away! The gnoll hits you with a +0 club.
The gnoll attacks as you move away! The gnoll hits you with a +0 club.
The gnoll attacks as you move away! The gnoll closely misses you.
The gnoll attacks as you move away! The gnoll misses you.
You hit the plant.
The plant begins to die.
The plant is lightly damaged.
The gnoll hits you with a +0 club.
You hit the gnoll but do no damage. You claw the gnoll. You peck the gnoll.
The gnoll is moderately wounded.
The gnoll barely misses you.
You hit the gnoll. Your kick misses the gnoll.
The gnoll is heavily wounded.
The gnoll barely misses you. The gnoll hits you with a +0 club.
You hit the gnoll. You claw the gnoll. You peck the gnoll.
You kill the gnoll!
A nearby plant withers and dies.
Your Maces & Flails skill increases to level 5!
The gnoll attacks as you move away! The gnoll hits you with a +0 whip.
The gnoll attacks as you move away! The gnoll hits you with a +0 whip.
* * * LOW HITPOINT WARNING * * *
You are confused.
You feel invigorated. The gnoll barely misses you.
You sock the plant!
The plant begins to die.
The plant is lightly damaged.
The gnoll hits you with a +0 whip.
You're too confused to move!
The gnoll hits you from afar with a +0 spear.
The gnoll hits you with a +0 whip.
* * * LOW HITPOINT WARNING * * *
The gnoll hits you with a +0 whip.
You die...

# ##...## ## ##.....##
.## ##.......##
..####.........#
.....+.......<.+
..#.##........♣P♣♣
.##.##......♣♣♣P.♣♣
.##♣#♣.♣.♣....PP.g♣♣
###.........♣PP.@g.♣
...♣.♣.♣.♣+#♣♣♣.PP.♣
####.....#.# ♣.♣gP♣♣##
...♣.♣†♣.♣.# ♣♣P...).#
####.....#.####♣♣P♣♣♣.#
###♣#♣#♣#♣....##♣♣♣♣..#
##............g.g.g..##
##.##.###.....########
......# ##.####


You could see 3 gnolls.

Vanquished Creatures
  A gnoll (D:2)
  An adder (D:2)
  2 endoplasms (D:1)
  A giant cockroach (D:1)
  4 goblins (D:1)
  2 hobgoblins
  4 jackals (D:1)
  2 quokkas (D:2)
  4 ball pythons
  4 bats (D:1)
  A frilled lizard (D:1)
  2 kobolds (D:1)
  4 rats
32 creatures vanquished.

Vanquished Creatures (others)
  A plant (D:2)
1 creature vanquished.

Grand Total: 33 creatures vanquished

Notes
Turn   | Place    | Note
-------+----------+-------------------------------------------
     0 | D:1      | Aneyh the Tengu Monk began the quest for the Orb.
     0 | D:1      | Reached XP level 1. HP: 14/14 MP: 2/2
   105 | D:1      | Reached XP level 2. HP: 13/19 MP: 3/3
   108 | D:1      | Reached skill level 4 in Maces & Flails
   554 | D:1      | Reached XP level 3. HP: 23/23 MP: 4/4
   808 | D:2      | Found a glowing golden altar of the Shining One.
  1082 | D:2      | Reached skill level 5 in Maces & Flails
  1089 | D:2      | Slain by a gnoll

Illustrated notes

Levels and vault maps discovered:
D:1:      minmay_arrival_floating_metal, layout_loops_ring, serial_glass,
          glass_columns_a, glass_columns_c, corexii_corridor_pit
D:2:      layout_loops_corners, basic_altar, serial_forest,
          infiniplex_forest_end_double, infiniplex_forest_diagonal,
          infiniplex_forest_clump_small, infiniplex_forest_lined_room_2,
          infiniplex_forest_end_2, infiniplex_forest_straight_2, serial_shops,
          shop, minmay_misc_feat_alley, minmay_crystal_room

Skill      XL: |  1  2  3 |
---------------+----------+-----
Maces & Flails | 4 5 |  5.1
Fighting       | |  3.0
Dodging        | |  3.2
Stealth        | |  2.0

Action                     || total
---------------------------++-------
  Melee: Mace              ||    60
         Kick              ||    15
         Peck              ||     6
  Throw: Javelin           ||     2
    Use: Potion            ||     1
   Stab: Sleeping          ||     6
 Armour: Robe              ||    12
  Dodge: Dodged            ||    63

Table legend: (Time is in decaauts)
 A = Elapsed time spent in this place.
 B = Non-inter-level travel time spent in this place.
 C = Inter-level travel time spent in this place.
 D = Time resting spent in this place.
 E = Time spent auto-exploring this place.
 F = Levels seen in this place.
 G = Mean time per level.
                   A        B        C        D        E       F      G
               +--------+--------+--------+--------+--------+-----+--------+
         Total |   1124 |   1029 |     95 |    121 |    672 |   2 |  562.0 |
       Dungeon |   1124 |   1029 |     95 |    121 |    672 |   2 |  562.0 |
               +--------+--------+--------+--------+--------+-----+--------+

Top non-repeatable levels by time:
     D:1: 888 daAuts
     D:2: 236 daAuts
